 Dungeon Crawl Stone Soup version 0.28.0-49-g6dfe1f597d (webtiles) character file.

Game seed: 1244789200636406283

7 pkoi the Charlatan (level 1, 0/15 HPs)
             Began as a Demigod Artificer on May 16, 2022.
             Frozen to death by an endoplasm (4 damage)
             ... on level 1 of the Dungeon.
             The game lasted 00:00:27 (198 turns).

pkoi the Charlatan (Demigod Artificer)               Turns: 198, Time: 00:00:28

Health: 0/15       AC:  3    Str: 13    XL:     1   Next: 73%
Magic:  3/3        EV: 11    Int: 13    God:
Gold:   0          SH:  0    Dex: 14    Spells: 0/0 levels left

rFire   . . .      SeeInvis .   f - +0 dagger
rCold   . . .      Faith    .   (no shield)
rNeg    . . .      Spirit   .   b - +0 leather armour
rPois   .          Reflect  .   (no helmet)
rElec   .          Harm     .   (no cloak)
rCorr   .          Rampage  .   (no gloves)
Will    .....                   (no boots)
Stlth   +.........              (no amulet)
HPRegen 0.05/turn               (no ring)
MPRegen 0.08/turn               (no ring)

@: no status effects
A: high MP 1, forlorn, divine attributes
a: no special abilities


You were on level 1 of the Dungeon.
You visited 1 branch of the dungeon, and saw 1 of its levels.

Inventory:

Hand Weapons
 a - a +0 club
 f - a +0 dagger (weapon)
Armour
 b - a +0 leather armour (worn)
Wands
 c - a wand of flame (15) (quivered)
 d - a wand of charming (15)
Miscellaneous
 e - a piece from Xom's chessboard (15/15)


   Skills:
 - Level 0.8 Fighting
 - Level 1.7 Armour
 - Level 0.8 Dodging
 - Level 0.8 Stealth
 + Level 0.9 Unarmed Combat
 + Level 3.0 Evocations


You couldn't memorise any spells.
You didn't know any spells.
Your spell library was empty.

Dungeon Overview and Level Annotations

Branches:
Dungeon (1/15)


Innate Abilities, Weirdness & Mutations

You have an increased reservoir of magic. (+10% MP)
You shall have no god before yourself.
Your divine heritage dramatically boosts your attributes as you level up.


Message History

The hobgoblin barely misses you.
You closely miss the hobgoblin.
The hobgoblin is moderately wounded.
The hobgoblin hits you.
* * * LOW HITPOINT WARNING * * *
You completely miss the hobgoblin.
The hobgoblin is moderately wounded.
The hobgoblin misses you.
You hit the hobgoblin.
The hobgoblin is severely wounded.
The hobgoblin closely misses you.
You hit the hobgoblin but do no damage.
The hobgoblin is severely wounded.
The hobgoblin hits you.
* * * LOW HITPOINT WARNING * * *
You hit the hobgoblin.
You kill the hobgoblin!
You hit the kobold but do no damage. The kobold barely misses you.
You hit the kobold.
The kobold is heavily wounded.
The kobold closely misses you.
You hit the kobold.
You kill the kobold!
Your Evocations skill increases to level 3!
Items here: ) †††.
You start resting.
An endoplasm is nearby!
An endoplasm is nearby!
An endoplasm is nearby!
Items here: ) †††.
You hit the endoplasm.
The endoplasm is moderately wounded.
The endoplasm freezes you.
You are frozen.
* * * LOW HITPOINT WARNING * * *
You hit the endoplasm.
The endoplasm is almost dead.
The endoplasm freezes you.
You are frozen.
You die...

#.###P.P.................. ......
#.##.♣♣♣P.............#...#......
#.....♣♣♣.P.......#.#.#...#......
+.....P♣PP..........#.#>.........
#..>#.............###.#..........
..........J.......#.#.#........#.
........♣P♣.P.....#...#........#.
.>.....P.♣♣♣P.#####.#.#.#........
........P♣.P.P.J@...#.#.#.######.
.............#####...#........#..
#........P....................#..
....#.........................#..
.........##+#.........#..........
.... #.........#.......#.. ..P
#.................#.. P.
#.....#####.......### #......
..........


You could see an endoplasm.

Vanquished Creatures
  2 bats (D:1)
  A goblin (D:1)
  A hobgoblin (D:1)
  A kobold (D:1)
  A frilled lizard (D:1)
  A rat (D:1)
7 creatures vanquished.

Vanquished Creatures (others)
  A plant (D:1)
1 creature vanquished.

Grand Total: 8 creatures vanquished

Notes
Turn   | Place    | Note
-------+----------+-------------------------------------------
     0 | D:1      | pkoi the Demigod Artificer began the quest for the Orb.
     0 | D:1      | Reached XP level 1. HP: 15/15 MP: 3/3
   188 | D:1      | Reached skill level 3 in Evocations
   198 | D:1      | Frozen to death by an endoplasm

Illustrated notes

Levels and vault maps discovered:
D:1:      dpeg_arrival_tiny_b, layout_basic, serial_forest,
          infiniplex_forest_straight_4, infiniplex_forest_clump_double,
          infiniplex_forest_end_1, infiniplex_forest_clump_tiny,
          infiniplex_forest_straight_4, infiniplex_forest_diagonal,
          infiniplex_forest_zigzag_1, infiniplex_forest_lined_room_2,
          minmay_indecisive_spiral

Skill      XL: |  1 |
---------------+----+-----
Evocations     | 3 |  3.0
Fighting       | |  0.8
Armour         | |  1.7
Dodging        | |  0.8
Stealth        | |  0.8
Unarmed Combat | |  0.9

Action                   || total
-------------------------++-------
Melee: Dagger            ||    21
       Club              ||     1
Armor: Leather armour    ||     7
Dodge: Dodged            ||    17
